 Dungeon Sprint DCSS version 0.24.0-123-gd5b16e6ec5 (webtiles) character file.

Game seed: 5585584593245502669, levelgen mode: deterministic

70 McKennaii the Conjurer (level 4, -3/33 HPs)
             Began as a Draconian Conjurer on Jan 26, 2020.
             Slain by a worker ant (5 damage)
             ... in the Dungeon (Sprint II: "The Violet Keep of Menkaure").
             The game lasted 00:00:34 (47 turns).

McKennaii the Conjurer (Draconian Conjurer)           Turns: 47, Time: 00:00:36

Health: -3/33      AC:  5    Str: 10    XL:     4   Next: 3%
Magic:  1/9        EV: 13    Int: 16    God:
Gold:   0          SH:  0    Dex: 12    Spells: 9/10 levels left

rFire    . . .     SeeInvis .   (no weapon)
rCold    . . .     Gourm    .   (no shield)
rNeg     . . .     Faith    .   (armour unavailable)
rPois    .         Spirit   .   (helmet restricted)
rElec    .         Reflect  .   (no cloak)
rCorr    .         Harm     .   (no gloves)
MR       .....     NoTele   +   (no boots)
Stlth    ++........             (no amulet)
HPRegen  0.11/turn              (no ring)
MPRegen  0.11/turn              (no ring)

@: lethally poisoned (-3 -> -9), berserk cooldown, slowed, very slow
A: unfitting armour, cold-blooded, AC +5
a: no special abilities


You were in the Dungeon.
You were not hungry.

You visited 1 branch

Inventory:

Scrolls
 h - a scroll of blinking
Potions
 d - a potion of heal wounds
 e - a potion of haste
 f - 2 potions of magic
Comestibles
 b - a ration


   Skills:
 + Level 2.7 Dodging
 + Level 2.5 Stealth
 * Level 3.7 Spellcasting
 + Level 7.5 Conjurations


You had 9 spell levels left.
You knew the following spells:

 Your Spells              Type           Power        Failure   Level  Hunger
a - Magic Dart            Conj           ####         1%          1    None

Your spell library contained the following spells:

 Spells                   Type           Power        Failure   Level  Hunger
 Searing Ray              Conj           ####..       1%          2    ##.....
 Iskenderun's Mystic Bla  Conj           ####....     8%          4    ####...
 Dazzling Spray           Conj/Hex       ###...       11%         3    ###....
 Force Lance              Conj/Tloc      ###.....     36%         4    ####...
 Fulminant Prism          Conj/Hex       ###.......   36%         4    ####...


Dungeon Overview and Level Annotations

Branches:
Dungeon (1/1)

Altars:


Innate Abilities, Weirdness & Mutations

Your plain brown scales are hard. (AC +5)
You cannot fit into any form of body armour.
You are cold-blooded and may be slowed by cold attacks.


Message History

The worker ant barely misses you. x2
You hit the worker ant but do no damage.
Your tail-slap misses the worker ant.
The worker ant is severely wounded.
The worker ant barely misses you. x2
You barely miss the worker ant.
The worker ant is severely wounded.
The worker ant bites you but does no damage.
You closely miss the worker ant.
Your tail-slap misses the worker ant.
The worker ant is severely wounded.
The worker ant misses you. The worker ant bites you.
You are poisoned.
The worker ant poisons you!
You hit the worker ant but do no damage.
The worker ant is severely wounded.
* * * LOW HITPOINT WARNING * * *
You feel sick. The worker ant bites you.
* * * LOW HITPOINT WARNING * * *
The worker ant bites you.
You die...

## #3 # ##3
# ##. #+#
.#
#.w.##.##H#
#+.<.+#
#$w.##@##H#
##. #a# .#
# #$# # .#.
. . ## ##


You could see a worker ant.

Vanquished Creatures
  3 worker ants (D)
3 creatures vanquished.

Vanquished Creatures (others)
  Menkaure (D)
1 creature vanquished.

Grand Total: 4 creatures vanquished

Notes
Turn   | Place    | Note
-------+----------+-------------------------------------------
     0 | D        | McKennaii the Draconian Conjurer began the quest for the
                  | Orb.
     0 | D        | Reached XP level 1. HP: 14/14 MP: 3/3
     1 | D        | Noticed a tyrant leech
     1 | D        | Noticed a tyrant leech
     5 | D        | Noticed a neqoxec
     5 | D        | Noticed a neqoxec
    13 | D        | Noticed a hippogriff
    13 | D        | Noticed a hippogriff
    16 | D        | Noticed a worker ant
    16 | D        | Noticed a worker ant
    16 | D        | Noticed a worker ant
    16 | D        | Noticed a worker ant
    25 | D        | Killed a worker ant
    25 | D        | Reached skill level 6 in Conjurations
    25 | D        | Reached XP level 2. HP: 20/20 MP: 4/6
    28 | D        | Reached XP level 3. HP: 26/26 MP: 4/7
    31 | D        | Reached skill level 7 in Conjurations
    31 | D        | Reached XP level 4. HP: 33/33 MP: 4/9
    41 | D        | Killed Menkaure
    47 | D        | Slain by a worker ant

Levels and vault maps discovered:
D:        the_violet_keep_of_menkaure [sprint2_stairs_cluster_1,
          sprint2_shoproom, sprint2_temple, sprint2_basic_supplies,
          sprint2_obstacle_5, sprint2_obstacle_3, sprint2_obstacle_6,
          sprint2_obstacle_7, sprint2_obstacle_1, sprint2_timed_cluster_1,
          sprint2_smallroom_cluster_1, sprint2_smallroom_final_cluster_1,
          sprint2_transparent_cluster_1, sprint2_second_timed_cluster_1,
          sprint2_sniper_area_1, sprint2_heavy_combat_area_1,
          sprint2_mutation_trap_area_1, sprint2_forest_area_1,
          sprint2_light_combat_area_1, sprint2_behind_water_1,
          sprint2_near_end_vault_1]

Skill      XL: |  1  2  3 |
---------------+----------+-----
Dodging        | 2 |  2.7
Stealth        | 2 |  2.5
Spellcasting   | 3 |  3.7
Conjurations   | 6 7 |  7.5

Action                   |  1- 3 |  4- 6 || total
-------------------------+-------+-------++-------
Melee: Unarmed           |    13 |     9 ||    22
       Tailslap          |     1 |     1 ||     2
 Cast: Magic Dart        |       |     6 ||     6
  Use: Potion            |     1 |     1 ||     2
Armor: Skin              |       |     4 ||     4
Dodge: Dodged            |     6 |    16 ||    22
